 Dungeon Crawl Stone Soup version 0.16.0-17-g811c1d7 (webtiles) character file.

1677869 Tolias the Warrior (level 27, 197/197 (199) HPs)
             Began as an Octopode Fire Elementalist on Mar 20, 2015.
             Was the Champion of Vehumet.
             Escaped with the Orb
             ... and 3 runes!
             The game lasted 04:20:42 (74998 turns).

Tolias the Warrior (Octopode Fire Elementalist)    Turns: 74998, Time: 04:20:43

HP:   197/197 (199) AC: 15    Str:  5    XL:     27
MP:   44/59         EV: 31    Int: 30    God:    Vehumet [******]
Gold: 1589          SH: 18    Dex: 21    Spells: 11 memorised, 2 levels left

rFire  + . .     SeeInvis +     a - +9 double sword (vamp) {!w}
rCold  + + .     Clarity  .     z - +5 shield {reflect} {Donald}
rNeg   . . .     SustAb   .     v - +2 hat
rPois  +         Gourm    .     k - amulet of the Solstice {+Fly rElec rC+ MR- Regen+ Dex+4}
rElec  +         Spirit   .     c - ring "Ruodif" {rElec MP+9 Slay+5}
rCorr  .         Warding  .     D - ring of Doffaem {rElec rPois rF+ MP+9 SInv Stlth-}
rMut   .         Stasis   .     X - ring of protection from magic
MR     +++..                    s - +6 ring of protection
Stlth  +.........               q - ring of wizardry
                                A - ring "Plaep" {MR+ Str-4 Int+3 Dex+3 Stlth-}
                                C - +6 ring of protection
                                R - ring "Libeulis" {rC+ MP+9 Int+4 Dex-4 Stlth+}

@: contaminated, glowing, studying Stealth, repel missiles, extremely resistant
to hostile enchantments, very unstealthy
A: almost no armour, amphibious, 8 rings, constrict 8, camouflage 1, gelatinous
body 1
a: Renounce Religion, Evoke Flight
0: Orb of Zot
}: 3/15 runes: barnacled, silver, gossamer


You escaped.
You worshipped Vehumet.
Vehumet was exalted by your worship.
You were not hungry.

You visited 10 branches of the dungeon, and saw 56 of its levels.
You visited 2 bazaars.
You also visited: Ice Cave.

You collected 8760 gold pieces.
You spent 7171 gold pieces at shops.

Inventory:

Hand weapons
 a - a +9 vampiric double sword (weapon) {!w}
 w - a +6 blowgun
 W - the +9 Staff of Wucad Mu {channel}
   (You found it on level 14 of the Dungeon)
Missiles
 F - 7 curare-tipped needles
 Z - 16 throwing nets (quivered) {=f}
Armour
 v - a +2 hat (worn)
 z - a +5 shield of reflection (worn) {Donald}
 P - the +18 shield of the gong {rElec rN+ MR+ EV-5}
   (You found it on level 3 of the Depths)

   It affects your evasion (-5).
   It insulates you from electricity.
   It protects you from negative energy.
   It affects your resistance to hostile enchantments.
Jewellery
 c - the ring "Ruodif" (left tentacle) {rElec MP+9 Slay+5}
   (You took it off an ogre mage on level 5 of the Vaults)

   [ring of slaying]

   It affects your accuracy and damage with ranged weapons and melee attacks
   (+5).
   It insulates you from electricity.
   It affects your magic capacity (+9).
 h - an uncursed amulet of resist mutation
 k - the amulet of the Solstice (around mantle) {+Fly rElec rC+ MR- Regen+ Dex+4}
   (You bought it in a shop on level 4 of the Orcish Mines)

   [amulet of regeneration]

   It affects your dexterity (+4).
   It protects you from cold.
   It insulates you from electricity.
   It affects your resistance to hostile enchantments.
   It lets you fly.
   It increases your rate of regeneration.
 q - a ring of wizardry (on tentacle)
 s - a +6 ring of protection (on tentacle)
 A - the ring "Plaep" (on tentacle) {MR+ Str-4 Int+3 Dex+3 Stlth-}
   (You found it on level 8 of the Lair of Beasts)

   [ring of loudness]

   It affects your strength (-4).
   It affects your intelligence (+3).
   It affects your dexterity (+3).
   It affects your resistance to hostile enchantments.
   It makes you less stealthy.
 C - a +6 ring of protection (on tentacle)
 D - the ring of Doffaem (right tentacle) {rElec rPois rF+ MP+9 SInv Stlth-}
   (You took it off a deep elf annihilator on level 3 of the Elven Halls)

   [ring of loudness]

   It protects you from fire.
   It insulates you from electricity.
   It protects you from poison.
   It affects your magic capacity (+9).
   It enhances your eyesight.
   It makes you less stealthy.
 R - the ring "Libeulis" (on tentacle) {rC+ MP+9 Int+4 Dex-4 Stlth+}
   (You bought it in a shop on level 7 of the Dungeon)

   [ring of stealth]

   It affects your intelligence (+4).
   It affects your dexterity (-4).
   It protects you from cold.
   It affects your magic capacity (+9).
   It makes you more stealthy.
 X - a ring of protection from magic (on tentacle)
Magical devices
 y - a wand of heal wounds (4)
 E - a wand of teleportation (2)
 G - a wand of cold (0)
 I - a wand of polymorph (7)
 J - a wand of enslavement (6)
 M - a wand of digging (7)
 U - a wand of hasting (5)
 V - a wand of invisibility (3)
 Y - a wand of disintegration (0)
Scrolls
 b - 10 scrolls of identify
 d - 20 scrolls of remove curse
 g - a scroll of holy word
 i - 2 scrolls of fear
 t - 10 scrolls of recharging
 u - a scroll of summoning
 L - 3 scrolls of fog
 T - 4 scrolls of blinking
Potions
 e - 8 potions of brilliance
 f - a potion of magic
 j - 6 potions of agility
 m - 9 potions of curing
 n - 6 potions of haste
 p - 2 potions of cure mutation
 x - 6 potions of restore abilities
 K - 4 potions of might
 O - 3 potions of cancellation
 Q - 4 potions of heal wounds
 S - 4 potions of invisibility
Books
 N - a manual of Stealth
Miscellaneous
 B - a lamp of fire
 H - a sack of spiders {used: 4}
Comestibles
 l - 17 fruits
 o - 27 meat rations
 r - 5 bread rations


   Skills:
 - Level 19.2 Fighting
 - Level 16.0 Long Blades
   Level 2.0 Maces & Flails
 - Level 18.9 Dodging
 - Level 10.2 Stealth
 - Level 15.2 Shields
 - Level 13.0 Spellcasting
 + Level 16.0 Conjurations
 - Level 1.0 Hexes
 + Level 13.4 Charms
 - Level 4.9 Necromancy
 - Level 10.2 Translocations
 + Level 14.3 Fire Magic
 - Level 3.5 Air Magic
 + Level 16.2 Earth Magic
 - Level 11.0 Evocations


You had 2 spell levels left.
You knew the following spells:

 Your Spells              Type           Power        Failure   Level  Hunger
a - Apportation           Tloc           ######....   1%          1    None
b - Regeneration          Chrm/Necr      ######....   1%          3    None
c - Phase Shift           Tloc           ######....   1%          5    #......
d - Ring of Flames        Chrm/Fire      #######...   4%          7    ######.
e - Lehudib's Crystal Sp  Conj/Erth      #######...   3%          8    #######
f - Bolt of Fire          Conj/Fire      #######...   1%          6    ####...
g - Orb of Destruction    Conj           #######...   1%          7    ######.
h - Haste                 Chrm           #######.     1%          6    ####...
q - Blink                 Tloc           N/A          1%          2    None
t - Spectral Weapon       Hex/Chrm       ######..     1%          3    None
v - Repel Missiles        Chrm/Air       ######       1%          2    None


Dungeon Overview and Level Annotations

Branches:
Dungeon (15/15)            Temple (1/1) D:5            Lair (8/8) D:8
 Shoals (5/5) Lair:5       Spider (5/5) Lair:3        Slime (0/6) Lair:8
    Orc (4/4) D:11            Elf (3/3) Orc:3        Vaults (5/5) D:14
  Crypt (0/3) Vaults:2     Depths (5/5) D:15            Zot (5/5) Depths:5

Altars:
Ashenzari
Cheibriados
Dithmenos
Elyvilon
Fedhas
Gozag
Kikubaaqudgha
Makhleb
Nemelex Xobeh
Okawaru
Qazlal
Ru
Sif Muna
Trog
Vehumet
Xom
Yredelemnul
Zin
The Shining One
Beogh
Jiyva
Lugonu

Shops:
D:7 =   D:10 *   D:11 [   Orc:4 =[*[   Elf:2 [   Vaults:1 [   Vaults:3 [==(
Vaults:5 [=   Depths:1 *

Portals:
Hell: Depths:1 Depths:2 Depths:3 Depths:4 Depths:5
Abyss: Depths:2 Depths:4 Depths:5
Pandemonium: Depths:1 Depths:2 Depths:3
Ziggurat: Depths:3
Trove: Elf:1 (give wand of hasting (8))

Annotations:
Lair:5 1 exclusion
Lair:7 Rupert
Lair:8 1 runed door
Spider:5 1 exclusion
Elf:2 5 runed doors
Elf:3 1 exclusion
Depths:3 exclusions: giant eyeball, shining eye and 4 more exclusions
Depths:4 exclusion: upstairs
Depths:5 2 exclusions


Innate Abilities, Weirdness & Mutations

You cannot wear most types of armour.
You are amphibious.
You can wear up to eight rings at the same time.
You can use your tentacles to constrict many enemies at once.
Your skin changes colour to match your surroundings (Stealth).
Your rubbery body absorbs attacks (AC +1).


Message History

You continue eating. x2
You finish eating.
That bread ration really hit the spot!
(D) Dungeon (T) Temple (L) Lair (A) Shoals (N) Spider Nest (M) Slime Pits (O) Orcish Mines (E) Elven Halls (V) Vaults (C) Crypt (U) Depths (H) Hell (Z) Zot
Where to? (* - list waypoints, Enter - D:1 @ (x,y), ? - help)
Okay, then.
Unknown command.
Evoke which item? (* to show all) (? for menu, Esc to quit)
Zapping:
M - a wand of digging (9)
Press: ? - help, Shift-Dir - straight line, f - you The rock shatters into small pieces.
This wand has 8 charges left.
You are firmly grounded in the material plane once more.
Evoke which item? (* to show all) (? for menu, Esc to quit)
Zapping:
M - a wand of digging (8)
Press: ? - help, Shift-Dir - straight line, f - you The rock shatters into small pieces.
This wand has 7 charges left.
There is a staircase leading out of the dungeon here.
You have escaped!

....>.....#.# #..#
#..####...
..........#.####..#
#.........
..................##
#.........
................#..#
#########.
###############....# #.
# ##.......## #....# #.
###.........###....# #.
##...(.....(.##....# #.
.......(.......#@..# #.
##(..(.......##...## #.
###.........###....## ##
# ##.......## #...#.## #
###############...##.##
#
....[...........#####.##
# ................#
##.## #
.##.....###.##### ##.##
# ..#.#.### #.#
##.########


There were no monsters in sight!

Vanquished Creatures
  3 orbs of fire (Zot:5)
  4 ancient liches
  Boris (Depths:4)
  Sojobo (Vaults:5)
  6 caustic shrikes (Depths:4)
  Margery (Depths:4)
  Norris (Shoals:3)
  3 Killer Klowns (Zot:5)
  Mennas (Depths:5)
  6 golden dragons
  Jory (Depths:3)
  An electric golem (Zot:5)
  A Brimstone Fiend (D:8)
  Nikola (Shoals:3)
  2 pandemonium lords
  A Hell Sentinel (D:6)
  10 tentacled monstrosities
  25 Orb Guardians
  An Ice Fiend (IceCv)
  7 titans
  2 deep elf blademasters (Elf:3)
  A deep elf master archer (Elf:3)
  6 quicksilver dragons
  The ghost of Rayvis the Severer, a mighty MiFi of Makhleb (Elf:3)
  A kraken (Shoals:1)
  4 sphinxes
  Polyphemus (Shoals:3)
  An octopode crusher (Depths:1)
  An Executioner (D:1)
  8 shadow dragons
  14 tengu reavers
  An ancient champion (Vaults:2)
  The ghost of siepu the Swashbuckler, a mighty KoSk of Dithmenos (Spider:5)
  Frances (Shoals:5)
  7 storm dragons
  A draconian monk (Zot:4)
  13 fire giants
  Ilsuiw (Shoals:5)
  Wiglaf (Spider:4)
  Maud (Depths:2)
  9 deep elf sorcerers
  An orc warlord (Vaults:4)
  14 vault wardens
  9 frost giants
  6 draconian zealots
  3 draconian scorchers
  A balrug (D:6)
  8 ghost moths
  10 emperor scorpions
  2 reapers
  A cacodemon (Depths:5)
  A small abomination (Vaults:5)
  The ghost of valak23 the Fencer, a powerful DrGl of Yredelemnul (IceCv)
  9 very ugly things
  A draconian annihilator (Zot:4)
  18 stone giants
  2 war gargoyles
  3 draconian callers
  12 ironheart preservers
  3 green draconians
  6 deep elf demonologists
  5 rakshasas
  A grey draconian (Depths:5)
  2 black draconians
  3 dire elephants
  2 mottled draconians
  5 vampire knights
  16 deep elf annihilators
  A pale draconian (Zot:4)
  A red draconian (Zot:4)
  A yellow draconian (Depths:5)
  A purple draconian (Zot:4)
  4 merfolk javelineers
  16 ettins
  Snorg (Orc:1)
  42 vault guards
  10 deep elf death magi
  An eidolon (Depths:2)
  9 fire dragons
  3 deep elf high priests
  A fire dragon (shapeshifter) (Depths:3)
  10 merfolk impalers
  8 great orbs of eyes
  4 minotaurs
  Fannar (Lair:8)
  9 ice dragons
  Harold (Elf:1)
  6 death cobs
  A naga warrior (Depths:1)
  17 yaktaur captains
  7 deep troll earth magi
  6 hydras
  2 merfolk avatars (Shoals:5)
  6 spriggan air magi
  13 ogre magi
  An alligator snapping turtle (Shoals:5)
  A satyr (Shoals:4)
  6 dancing weapons
  7 catoblepae
  12 centaur warriors
  2 vampire magi
  6 merfolk aquamancers
  27 death yaks
  4 tengu warriors
  5 spriggan berserkers
  An orc high priest (Elf:1)
  10 deep troll shamans
  2 storm dragon zombies
  A soul eater (D:13)
  16 deep elf knights
  The ghost of timbw the Unseen, a powerful SpIE (D:15)
  Erolcha (D:9)
  15 shadow wraiths
  3 fire crabs
  3 hell knights (Depths:4)
  6 giant orange brains
  A sun demon (D:6)
  9 iron trolls
  6 skeletal warriors
  A spectral anaconda (Depths:2)
  6 ice devils
  16 sea snakes
  A lindwurm (shapeshifter) (Vaults:5)
  A spectral hydra (Depths:2)
  8 deep elf summoners
  4 wizards
  2 shadow demons
  32 deep trolls
  3 unseen horrors
  2 ice statues (IceCv)
  The ghost of wojtek the Slicer, an experienced KoAs of Makhleb (D:6)
  14 ironbrand convokers
  A putrid demonspawn (Depths:3)
  9 flayed ghosts
  12 orc knights
  2 mana vipers (Depths:2)
  12 hill giants
  An oklob plant (D:10)
  36 harpies
  31 wolf spiders
  20 griffons
  11 necromancers
  4 death drakes
  A frost giant zombie (Vaults:1)
  9 cyclopes
  21 orb spiders
  An orb spider (shapeshifter) (Elf:1)
  A harpy (shapeshifter) (D:15)
  45 ugly things
  5 phantasmal warriors
  5 water nymphs
  2 stone giant zombies
  11 moths of wrath
  16 deep elf conjurers
  A draconian (shapeshifter) (Vaults:2)
  A mana viper (shapeshifter) (Vaults:1)
  A tengu skeleton (Vaults:3)
  11 hornets
  A salamander (shapeshifter) (Depths:4)
  A sphinx skeleton (Vaults:1)
  2 worldbinders (Elf:2)
  12 manticores
  15 fauns
  2 black mambas (shapeshifter)
  A draconian zombie (Depths:5)
  11 sirens
  A toenail golem (Depths:1)
  4 sixfirhies
  12 vault sentinels
  2 elephants (Lair:7)
  A frost giant skeleton (Vaults:3)
  Maurice (Orc:1)
  Joseph (D:8)
  3 gargoyles
  4 centaur zombies
  A titan simulacrum (Vaults:4)
  3 orange demons (Depths:5)
  6 torpor snails
  A stone giant skeleton (Vaults:1)
  4 smoke demons
  2 orange crystal statues (Depths:2)
  2 black mambas
  13 spiny frogs
  6 kobold demonologists
  3 centaur skeletons
  66 yaktaurs
  A grey draconian zombie (Depths:5)
  A fire drake (Lair:5)
  2 efreet (Zot:4)
  12 komodo dragons
  A catoblepas skeleton (D:15)
  7 freezing wraiths
  2 tengu conjurers (D:13)
  3 anaconda simulacra (IceCv)
  2 hellwings
  4 wind drakes
  9 demonic crawlers
  2 red devils
  25 jumping spiders
  22 two-headed ogres
  A merfolk (shapeshifter) (Vaults:5)
  A polar bear (shapeshifter) (Vaults:4)
  8 trolls
  A polar bear (Lair:6)
  18 blink frogs
  17 deep elf priests
  41 merfolk
  14 snapping turtles
  6 blue devils
  A jumping spider (shapeshifter) (Vaults:4)
  16 ravens
  A hornet zombie (D:15)
  3 ravens (shapeshifter)
  2 ettin zombies
  5 boulder beetles
  A raiju (shapeshifter) (Vaults:5)
  2 basilisks
  31 deep elf magi
  A trapdoor spider zombie (D:12)
  4 large abominations (Elf:1)
  11 air elementals
  4 raiju (Depths:2)
  35 tarantellas
  10 slime creatures
  3 vampires
  A centaur simulacrum (D:14)
  A ynoxinul (Elf:3)
  A dire elephant simulacrum (IceCv)
  14 shadows
  9 wyverns
  2 tarantellas (shapeshifter)
  18 water elementals
  65 redbacks
  17 trapdoor spiders
  4 spriggans
  A chaos spawn (D:8)
  A hippogriff (shapeshifter) (Depths:2)
  25 vampire mosquitoes
  36 yaks
  A yaktaur simulacrum (Vaults:1)
  20 humans
  12 hippogriffs
  13 wraiths
  11 wargs
  9 wolves
  24 deep elf fighters
  2 mottled dragons
  A hog (shapeshifter) (Vaults:1)
  3 harpy simulacra (IceCv)
  2 nagas (Depths:1)
  2 hungry ghosts
  10 water moccasins
  4 hydra simulacra
  A soldier ant (D:12)
  12 wasps
  2 spectral trolls (Depths:2)
  17 porcupines
  2 spectral spriggans (Depths:2)
  7 hell hounds (Depths:2)
  An iron troll simulacrum (IceCv)
  2 swamp drakes (Zot:3)
  48 orc warriors
  5 ice beasts
  6 boggarts
  4 black bears
  3 sky beasts
  A snapping turtle zombie (Depths:2)
  An eye of draining (D:11)
  10 phantoms
  A necrophage (D:10)
  48 spiders
  An ogre (shapeshifter) (Elf:2)
  A boring beetle (Spider:1)
  52 ogres
  23 centaurs
  11 crocodiles
  2 yaktaur zombies
  4 elf zombies
  15 giant frogs
  A torpor snail zombie (D:15)
  5 big kobolds
  3 brain worms
  8 human skeletons
  2 wyvern zombies (D:14)
  A wyvern skeleton (D:13)
  14 scorpions
  22 killer bees
  2 spectral ogres (Depths:2)
  2 spectral nagas (Depths:2)
  9 wights
  2 electric eels
  An elf skeleton (Vaults:2)
  2 spectral centaurs (Depths:2)
  A human simulacrum (Vaults:2)
  2 goliath beetles
  3 crimson imps
  3 giant frog zombies
  2 giant frog skeletons
  11 hounds
  12 iguanas
  5 quasits
  2 iron imps
  6 jellies
  23 orc priests
  37 orc wizards
  3 human zombies
  Natasha (thrice) (D:6)
  13 worker ants
  2 hell rats (Depths:1)
  An iguana (shapeshifter) (Vaults:5)
  A spriggan simulacrum (Depths:2)
  A boulder beetle simulacrum (Vaults:2)
  21 sheep
  2 hound skeletons
  A mummy (D:12)
  9 gnolls
  83 river rats
  29 adders
  2 giant mites
  5 white imps
  9 shadow imps
  A naga simulacrum (Depths:2)
  4 worms
  2 ufetubi (Depths:1)
  2 adder skeletons
  An adder zombie (D:6)
  6 giant geckos
  An ooze (D:1)
  201 orcs
  A ball python (D:6)
  17 bats
  8 giant cockroaches
  26 goblins
  19 hobgoblins
  7 jackals
  31 kobolds
  An ooze (shapeshifter) (Elf:2)
  18 quokkas
  A giant gecko skeleton (D:9)
  2 giant newts
  A jackal zombie (D:6)
  A kobold zombie (Vaults:1)
  A quokka zombie (D:6)
  24 rats
  A bush (D:10)
  A butterfly (Lair:6)
  9 crawling corpses
  A fungus (Lair:7)
  9 plants
2850 creatures vanquished.

Vanquished Creatures (collateral kills)
  A kraken (Shoals:5)
  Donald (Shoals:3)
  An emperor scorpion (Spider:5)
  A deep elf annihilator (Elf:3)
  A merfolk impaler (Shoals:5)
  A merfolk aquamancer (Shoals:5)
  2 orb spiders (Spider:5)
  A hornet (Spider:5)
  A vault sentinel (Vaults:5)
  A demonic crawler (Spider:5)
  3 yaktaurs (Vaults:5)
  4 merfolk (Shoals:5)
  A jumping spider (Spider:5)
  A two-headed ogre (Vaults:5)
  An ogre (Vaults:5)
  2 wasps (Spider:5)
  A sheep (Shoals:5)
24 creatures vanquished.

Vanquished Creatures (others)
  A deep elf master archer (Elf:3)
  A stone giant (Vaults:3)
  A red draconian (Zot:5)
  A deep elf knight (Vaults:3)
  A giant orange brain (Depths:2)
  A wolf spider (Spider:5)
  3 drowned souls (Shoals:5)
  A vault sentinel (Vaults:3)
  10 yaktaurs
  3 jumping spiders
  2 merfolk
  6 fire elementals (Vaults:5)
  2 air elementals
  2 redbacks
  2 trapdoor spiders (Spider:5)
  A wyvern (shapeshifter) (Vaults:3)
  2 spiders
  2 centaurs (Depths:2)
  A lost soul (Depths:2)
  A kobold zombie (Vaults:1)
  An adder (D:6)
  A gnoll (D:9)
  A giant mite (Shoals:3)
  5 fungi
  6 plants
  12 tentacles
  154 tentacle segments
224 creatures vanquished.

Grand Total: 3098 creatures vanquished

Notes
Turn   | Place    | Note
--------------------------------------------------------------
     0 | D:1      | Tolias, the Octopode Fire Elementalist, began the quest for the Orb.
     0 | D:1      | Reached XP level 1. HP: 11/11 MP: 3/3
   141 | D:1      | Reached XP level 2. HP: 15/17 MP: 1/4
   539 | D:1      | Learned a level 2 spell: Throw Flame
   635 | D:1      | Reached XP level 3. HP: 21/21 MP: 0/6
   836 | D:1      | Learned a level 3 spell: Conjure Flame
  1460 | D:2      | Reached XP level 4. HP: 27/27 MP: 2/8
  2741 | D:3      | Reached XP level 5. HP: 28/31 MP: 8/11
  2747 | D:3      | Learned a level 4 spell: Sticky Flame
  3300 | D:3      | Reached skill level 4 in Fire Magic
  3521 | D:3      | Reached XP level 6. HP: 36/36 MP: 7/12
  3842 | D:4      | Reached skill level 1 in Evocations
  4166 | D:4      | Reached XP level 7. HP: 25/41 MP: 4/14
  4458 | D:5      | Entered Level 5 of the Dungeon
  4587 | D:5      | Reached skill level 5 in Conjurations
  4587 | D:5      | Reached skill level 5 in Fire Magic
  4951 | D:5      | Reached XP level 8. HP: 29/46 MP: 5/16
  5331 | D:5      | Found a sparkling altar of Nemelex Xobeh.
  5344 | D:5      | Reached skill level 6 in Conjurations
  5644 | D:5      | Found a staircase to the Ecumenical Temple.
  5887 | Temple   | Entered the Ecumenical Temple
  5918 | Temple   | Became a worshipper of Vehumet
  6447 | D:6      | Noticed wojtek's ghost (experienced KoAs)
  6545 | D:6      | Killed wojtek's ghost
  6545 | D:6      | Reached skill level 5 in Dodging
  6545 | D:6      | Reached skill level 7 in Conjurations
  6545 | D:6      | Reached XP level 9. HP: 24/51 MP: 3/17
  6787 | D:6      | Reached skill level 1 in Maces & Flails
  6817 | D:6      | Reached skill level 1 in Fighting
  7028 | D:6      | Acquired Vehumet's first power
  7028 | D:6      | Offered knowledge of Shock by Vehumet.
  7238 | D:7      | Found Turhuu's Jewellery Shoppe.
  7247 | D:7      | Bought an uncursed ring of poison resistance for 240 gold pieces
  7685 | D:7      | Found an iron altar of Okawaru.
  7967 | D:8      | Found a staircase to the Lair.
  7967 | D:8      | Noticed Joseph
  8268 | D:8      | Reached skill level 5 in Evocations
  8462 | D:8      | Offered knowledge of Throw Frost by Vehumet.
  8469 | D:8      | Killed Joseph
  8469 | D:8      | Reached skill level 5 in Fighting
  8469 | D:8      | Reached XP level 10. HP: 28/66 MP: 16/19
  8660 | D:8      | Learned a level 5 spell: Fireball
  9451 | D:9      | Found a runed door.
  9666 | D:9      | Offered knowledge of Searing Ray by Vehumet.
  9757 | D:9      | Acquired Vehumet's second power
 10216 | D:8      | Learned a level 2 spell: Searing Ray
 10320 | Lair:1   | Entered Level 1 of the Lair of Beasts
 10352 | Lair:1   | Reached skill level 5 in Spellcasting
 10810 | Lair:1   | Offered knowledge of Stone Arrow by Vehumet.
 11075 | D:7      | Bought an uncursed ring of protection from magic for 300 gold pieces
 11178 | Lair:1   | Reached skill level 5 in Stealth
 11199 | Lair:1   | Reached XP level 11. HP: 46/72 MP: 6/24
 11574 | Lair:1   | Noticed a four-headed hydra
 11592 | Lair:1   | Killed a four-headed hydra
 11592 | Lair:1   | Acquired Vehumet's third power
 11592 | Lair:1   | Reached skill level 8 in Dodging
 12097 | Lair:2   | Reached skill level 1 in Shields
 12517 | Lair:2   | Found a blossoming altar of Fedhas.
 12547 | Lair:2   | Offered knowledge of Iskenderun's Mystic Blast by Vehumet.
 13377 | Lair:2   | Reached skill level 5 in Shields
 14009 | Lair:2   | Upgraded the game from 0.16.0-16-g311141a to 0.16.0-17-g811c1d7
 14224 | Lair:3   | Offered knowledge of Conjure Ball Lightning by Vehumet.
 14750 | Lair:3   | Found a hole to the Spider Nest.
 14819 | Lair:3   | Reached XP level 12. HP: 59/77 MP: 17/25
 14965 | Lair:3   | Noticed a five-headed hydra
 15283 | Lair:3   | Killed a five-headed hydra
 15283 | Lair:3   | Reached skill level 9 in Shields
 15452 | Lair:4   | Found a labyrinth entrance.
 16492 | D:9      | Noticed Erolcha
 16700 | D:10     | Entered Level 10 of the Dungeon
 16989 | D:7      | Bought an uncursed ring of wizardry for 360 gold pieces
 17203 | Lair:4   | Reached skill level 10 in Shields
 17739 | Lair:5   | Got a smoking mace
 17740 | Lair:5   | Identified the +6 mace of Hell's Wrath {flame, rElec rPois Int-4 Dex-4 Stlth+} (You found it on level 5 of the Lair of Beasts)
 17842 | Lair:5   | Found a staircase to the Shoals.
 18443 | Lair:5   | Reached skill level 11 in Shields
 19396 | Lair:6   | Offered knowledge of Bolt of Fire by Vehumet.
 19446 | Lair:6   | Found a hole to the Spider Nest.
 19728 | Lair:6   | Learned a level 6 spell: Bolt of Fire
 19820 | Lair:6   | Reached skill level 12 in Shields
 20062 | Lair:7   | Identified a scroll of acquirement
 20102 | Lair:7   | Found an iron altar of Okawaru.
 20181 | Lair:7   | Noticed a death yak
 20207 | Lair:7   | Noticed a death yak
 20210 | Lair:7   | Noticed a death yak
 20214 | Lair:7   | Noticed a death yak
 20214 | Lair:7   | Noticed a death yak
 20251 | Lair:6   | Killed a death yak
 20449 | Lair:7   | Reached XP level 13. HP: 54/82 MP: 21/27
 20573 | Lair:7   | Reached skill level 13 in Shields
 20669 | Lair:7   | Noticed Rupert
 20772 | Lair:8   | Entered Level 8 of the Lair of Beasts
 21762 | Lair:8   | Found a runed door.
 21762 | Lair:8   | Found a viscous altar of Jiyva.
 21776 | Lair:8   | Found a staircase to the Slime Pits.
 21902 | Lair:8   | Reached skill level 14 in Shields
 21912 | Lair:8   | Noticed Fannar
 22151 | Lair:8   | Killed Fannar
 22933 | Lair:8   | Reached skill level 15 in Shields
 23635 | Lair:8   | Learned a level 2 spell: Blink
 23637 | Lair:8   | Learned a level 1 spell: Apportation
 23940 | Lair:8   | Reached XP level 14. HP: 88/88 MP: 11/29
 24141 | Lair:8   | Offered knowledge of Orb of Destruction by Vehumet.
 24314 | Lair:8   | Got an ancient pewter ring
 24317 | Lair:8   | Identified the ring "Plaep" {MR+ Str-4 Int+3 Dex+3 Stlth-} (You found it on level 8 of the Lair of Beasts)
 24325 | Lair:8   | Identified the Handbook of Self-Knowledge and Translocation (You found it on level 8 of the Lair of Beasts)
 24987 | Lair:7   | Killed a death yak
 24995 | Lair:7   | Killed a death yak
 25576 | Lair:4   | Learned a level 7 spell: Orb of Destruction
 26045 | D:10     | Found Mnounaf's Assorted Antiques.
 26264 | D:10     | Found a blossoming altar of Fedhas.
 26309 | D:10     | Reached skill level 10 in Spellcasting
 26830 | D:11     | Found Muteph's Armour Emporium.
 26831 | D:11     | Found a staircase to the Orcish Mines.
 26922 | D:11     | Offered knowledge of Bolt of Cold by Vehumet.
 27574 | Orc:1    | Entered Level 1 of the Orcish Mines
 27588 | Orc:1    | Noticed Snorg
 27590 | Orc:1    | Noticed Maurice
 27610 | Orc:1    | Killed Snorg
 27762 | Orc:1    | Killed Maurice
 28009 | D:11     | Learned a level 2 spell: Repel Missiles
 28067 | D:9      | Killed Erolcha
 28241 | D:7      | Bought the ring "Libeulis" {rC+ MP+9 Int+4 Dex-4 Stlth+} for 378 gold pieces
 28801 | Orc:3    | Found a staircase to the Elven Halls.
 29076 | Orc:4    | Entered Level 4 of the Orcish Mines
 29121 | Orc:4    | Found a roughly hewn altar of Beogh.
 29639 | Orc:3    | Offered knowledge of Iron Shot by Vehumet.
 30067 | Orc:4    | Found Esuwk's Assorted Antiques.
 30068 | Orc:4    | Found Ydasaj's Armour Boutique.
 30078 | Orc:4    | Found Ghiurivviti's Jewellery Shop.
 30323 | Orc:4    | Found Diucs' Antique Armour Shoppe.
 30331 | Orc:4    | Bought a crooked brass wand for 128 gold pieces
 30340 | Orc:4    | Bought the amulet of the Solstice {+Fly rElec rC+ MR- Regen+ Dex+4} for 802 gold pieces
 30523 | Orc:4    | Found a bloodstained altar of Trog.
 30563 | Orc:4    | Noticed a stone giant
 30566 | Orc:4    | Killed a stone giant
 30852 | D:11     | Offered knowledge of Ozocubu's Refrigeration by Vehumet.
 30865 | D:11     | Learned a level 3 spell: Regeneration
 30914 | D:11     | Reached skill level 1 in Translocations
 30988 | D:10     | Reached skill level 1 in Necromancy
 31147 | D:6      | Noticed Natasha
 31148 | D:6      | Killed Natasha
 31174 | D:6      | Noticed Natasha
 31180 | D:6      | Killed Natasha
 31286 | D:6      | Noticed Natasha
 31286 | D:6      | Killed Natasha
 31463 | D:9      | Found a roughly hewn altar of Beogh.
 31477 | D:9      | Got a crude scimitar
 31478 | D:9      | Identified the +7 scimitar of Bloodstone {pain, rPois Str+3 Int+2 Dex+2} (You acquired it on level 9 of the Dungeon)
 31479 | D:9      | Noice
 31718 | D:12     | Reached XP level 15. HP: 77/93 MP: 34/34
 31806 | D:12     | Reached skill level 1 in Long Blades
 32081 | D:12     | Found a corrupted altar of Lugonu.
 32390 | D:7      | Bought an uncursed ring of see invisible for 180 gold pieces
 32951 | D:13     | Offered knowledge of Poison Arrow by Vehumet.
 33334 | D:13     | Gained mutation: You have a pair of small antennae on your head. [potion of beneficial mutation]
 33796 | D:14     | Reached skill level 5 in Long Blades
 34639 | D:15     | Entered Level 15 of the Dungeon
 34896 | D:15     | Got a scorched flail
 34897 | D:15     | Identified the +0 flail of the Hawk {crush, -Tele rElec rF+ Int+4 Stlth+} (You found it on level 15 of the Dungeon)
 34941 | D:15     | Offered knowledge of Lehudib's Crystal Spear by Vehumet.
 34941 | D:15     | Offered knowledge of Fire Storm by Vehumet.
 34941 | D:15     | Offered knowledge of Shatter by Vehumet.
 35036 | D:15     | Identified Eterghar's Guide on Conjuration
 35253 | D:15     | Noticed timbw's ghost (powerful SpIE)
 35255 | D:15     | Killed timbw's ghost
 35290 | D:15     | Found a staircase to the Depths.
 35940 | D:14     | Reached skill level 10 in Long Blades
 35955 | D:14     | Found a gate to the Vaults.
 36344 | Shoals:1 | Entered Level 1 of the Shoals
 36356 | Shoals:1 | Reached XP level 16. HP: 90/99 MP: 35/35
 36966 | Shoals:1 | Noticed a kraken
 36996 | Shoals:1 | Killed a kraken
 38423 | Shoals:3 | Noticed Polyphemus
 38470 | Shoals:3 | Noticed Donald
 38486 | Shoals:3 | Killed Donald
 38495 | Shoals:3 | Found a frozen archway.
 38515 | IceCv    | Entered an ice cave
 38534 | IceCv    | Noticed valak23's ghost (powerful DrGl)
 38538 | IceCv    | Killed valak23's ghost
 38903 | IceCv    | Noticed an Ice Fiend
 38908 | IceCv    | Killed an Ice Fiend
 38924 | IceCv    | Got a smoking long sword
 38925 | IceCv    | Identified the cursed +0 long sword of Jyesh {slice, Dex+4} (You found it in an ice cave)
 39032 | Shoals:3 | Reached XP level 17. HP: 114/114 MP: 36/36
 39184 | Shoals:3 | Noticed Nikola
 39213 | Shoals:3 | Killed Nikola
 39213 | Shoals:3 | Reached skill level 10 in Fighting
 39321 | Shoals:3 | Noticed Norris
 39339 | Shoals:3 | Killed Norris
 39502 | Shoals:3 | Found a glowing silver altar of Zin.
 40041 | Shoals:3 | Killed Polyphemus
 41786 | Orc:4    | Bought a +6 ring of protection for 1092 gold pieces
 41971 | Spider:1 | Entered Level 1 of the Spider Nest
 42375 | Spider:1 | Reached skill level 15 in Long Blades
 43219 | Spider:2 | Reached skill level 16 in Long Blades
 43219 | Spider:2 | Reached XP level 18. HP: 122/122 MP: 36/36
 44840 | Spider:4 | Noticed Wiglaf
 44848 | Spider:4 | Killed Wiglaf
 45236 | Spider:5 | Entered Level 5 of the Spider Nest
 45303 | Spider:5 | Noticed siepu's ghost (mighty KoSk)
 46051 | Spider:5 | Reached skill level 10 in Conjurations
 46072 | Spider:5 | Killed siepu's ghost
 46495 | Spider:5 | Got a gossamer rune of Zot
 46536 | Spider:5 | Reached skill level 10 in Dodging
 46551 | Spider:5 | Reached XP level 19. HP: 89/131 MP: 8/37
 46993 | Shoals:5 | Entered Level 5 of the Shoals
 47055 | Shoals:5 | Noticed Ilsuiw
 47528 | Shoals:5 | Got a barnacled rune of Zot
 47919 | Shoals:5 | Noticed Frances
 47981 | Shoals:5 | Killed Frances
 48007 | Shoals:5 | Killed Ilsuiw
 48156 | Shoals:5 | Reached skill level 1 in Charms
 48785 | Elf:1    | Entered Level 1 of the Elven Halls
 48932 | Elf:1    | Noticed Harold
 48936 | Elf:1    | Killed Harold
 49152 | Elf:1    | Reached skill level 5 in Charms
 49359 | Elf:1    | Found a portal to a secret trove of treasure.
 49655 | Elf:1    | Identified Ymutsau's Guide on Black Magic (You found it on level 1 of the Elven Halls)
 50044 | Elf:2    | Found a huge runed gate.
 50045 | Elf:2    | Found a huge runed gate.
 50045 | Elf:2    | Found a huge runed gate.
 50045 | Elf:2    | Found a huge runed gate.
 50050 | Elf:2    | Found a huge runed gate.
 50360 | Elf:2    | Identified the Tome of Summoning (You found it on level 2 of the Elven Halls)
 50421 | Elf:2    | Found Hymodouf's Antique Armour Shop.
 50424 | Elf:2    | Reached XP level 20. HP: 140/140 MP: 37/37
 50748 | Elf:3    | Entered Level 3 of the Elven Halls
 50904 | Elf:3    | Reached skill level 10 in Charms
 51121 | Elf:3    | Got a transparent scimitar
 51122 | Elf:3    | Identified the cursed +2 scimitar of Punishment {slice, rN+ Stlth+} (You took it off a deep elf annihilator on level 3 of the Elven Halls)
 51154 | Elf:3    | Noticed Rayvis' ghost (mighty MiFi)
 51164 | Elf:3    | Killed Rayvis' ghost
 51530 | D:11     | Learned a level 6 spell: Haste
 51839 | D:10     | Bought a ring of intelligence for 44 gold pieces
 51962 | Orc:4    | Bought a +3 ring of protection for 294 gold pieces
 52132 | Elf:3    | Got a coiled jade ring
 52133 | Elf:3    | Identified the ring of Doffaem {rElec rPois rF+ MP+9 SInv Stlth-} (You took it off a deep elf annihilator on level 3 of the Elven Halls)
 52134 | Elf:3    | yeah ok
 52290 | Elf:3    | Reached skill level 10 in Evocations
 52491 | Elf:3    | Identified the Volume of Dusty Battle Magic (You found it on level 3 of the Elven Halls)
 52621 | Elf:3    | Got a slimy shield
 52622 | Elf:3    | Identified the cursed -1 shield of Sokeets {rN+ Int+2} (You took it off a deep elf death mage on level 3 of the Elven Halls)
 53119 | Vaults:1 | Entered Level 1 of the Vaults
 53425 | Vaults:1 | Found Phiesot's Armour Emporium.
 53617 | Vaults:1 | Reached XP level 21. HP: 127/146 MP: 38/38
 54249 | Orc:4    | Bought a scroll of enchant weapon for 240 gold pieces
 55739 | Vaults:2 | Found a staircase to the Crypt.
 56572 | Vaults:3 | Found Kuer's Antique Weapon Shop.
 56648 | Vaults:3 | Found a flickering gateway to a bazaar.
 56655 | Bazaar   | Entered a bazaar
 56655 | Bazaar   | Found Uggeid's Antique Armour Shop.
 56655 | Bazaar   | Found Sehaom's Antique Weapon Shop.
 56673 | Bazaar   | Found Shraokiuwk's Distillery.
 56695 | Bazaar   | Found Milagur's Gadget Boutique.
 56703 | Bazaar   | Bought a wand of cold (10) for 280 gold pieces
 56710 | Bazaar   | Found Nel Ame's General Store.
 56718 | Bazaar   | Bought a scroll of recharging for 161 gold pieces
 56734 | Bazaar   | Bought 2 potions of haste for 340 gold pieces
 56734 | Bazaar   | Bought a potion of brilliance for 68 gold pieces
 56734 | Bazaar   | Bought a potion of flight for 51 gold pieces
 56734 | Bazaar   | Bought a potion of might for 68 gold pieces
 56836 | Vaults:3 | Found Sahu's Jewellery Shoppe.
 56836 | Vaults:3 | Found Nuteky's Jewellery Boutique.
 56856 | Vaults:3 | Found Paifec's Antique Armour Shop.
 57237 | Vaults:3 | Reached skill level 15 in Fighting
 57268 | Vaults:3 | Reached XP level 22. HP: 157/157 MP: 29/39
 57996 | Vaults:4 | Got a crude great sword
 57997 | Vaults:4 | Identified the +0 great sword of Fear {flame, rPois MR+ Dex+4} (You found it on level 4 of the Vaults)
 58047 | Vaults:4 | Found a flickering gateway to a bazaar.
 58053 | Bazaar   | Entered a bazaar
 58070 | Bazaar   | Found Qiramn's Gadget Emporium.
 58070 | Bazaar   | Found Nypnalyo's General Store.
 58091 | Bazaar   | Found Zyibul's Weapon Emporium.
 58091 | Bazaar   | Found Ucitaism's Magic Scroll Shoppe.
 58112 | Bazaar   | Found Threleino's Assorted Antiques.
 58127 | Bazaar   | Found Kluucuun's Armour Emporium.
 58127 | Bazaar   | Found Loxzifim's Antique Armour Shoppe.
 58180 | Bazaar   | Bought 3 scrolls of recharging for 199 gold pieces
 58180 | Bazaar   | Bought a scroll of enchant weapon for 52 gold pieces
 58187 | Bazaar   | Bought a scroll of blinking for 52 gold pieces
 58191 | Bazaar   | Bought a scroll of magic mapping for 24 gold pieces
 58191 | Bazaar   | Bought a scroll of recharging for 66 gold pieces
 58231 | Bazaar   | Bought a ring of slaying for 52 gold pieces
 58996 | Vaults:4 | Reached skill level 15 in Dodging
 59161 | Vaults:4 | Reached skill level 1 in Air Magic
 59525 | Vaults:3 | Bought a +6 ring of protection for 780 gold pieces
 59836 | Depths:1 | Entered Level 1 of the Depths
 59942 | Depths:1 | Found Bedyodd's Serpentskin Sales.
 60020 | Depths:1 | Found a one-way gate leading to the halls of Pandemonium.
 60807 | Depths:1 | Found a gateway to Hell.
 61267 | Depths:2 | Reached XP level 23. HP: 165/165 MP: 40/40
 61962 | Depths:2 | Learned a level 5 spell: Phase Shift
 61978 | Depths:2 | Found a one-way gate to the infinite horrors of the Abyss.
 62363 | Depths:2 | Noticed an ancient lich
 62373 | Depths:2 | Killed an ancient lich
 62535 | Depths:2 | Identified the Handbook of the Fetching Frostbite (You found it on level 2 of the Depths)
 62789 | Depths:2 | Noticed Maud
 62821 | Depths:2 | Killed Maud
 62849 | Depths:2 | Reached XP level 24. HP: 173/173 MP: 40/40
 63092 | Depths:2 | Reached skill level 17 in Fighting
 63102 | Depths:2 | Reached skill level 5 in Translocations
 63102 | Depths:2 | Reached XP level 25. HP: 180/180 MP: 36/41
 64053 | Depths:3 | Noticed Jory
 64069 | Depths:3 | Killed Jory
 64126 | Depths:3 | Got a scorched great sword
 64127 | Depths:3 | Identified the cursed +3 great sword "Murmur" {drain, Dex+2} (You took it off a vampire knight on level 3 of the Depths)
 64474 | Depths:4 | Noticed Margery
 64474 | Depths:4 | Noticed Boris
 64625 | Depths:4 | Reached XP level 26. HP: 150/189 MP: 33/41
 64636 | Depths:4 | Reached skill level 18 in Fighting
 64748 | Depths:4 | Killed Boris
 65308 | Depths:3 | Found a gateway to a ziggurat.
 65466 | Depths:4 | Reached skill level 10 in Translocations
 65482 | Depths:4 | Killed Margery
 65753 | Depths:5 | Entered Level 5 of the Depths
 66275 | Depths:5 | Noticed Mennas
 66297 | Depths:5 | Killed Mennas
 66729 | Depths:5 | Reached skill level 19 in Fighting
 66804 | Depths:5 | Found a gate to the Realm of Zot.
 67349 | Vaults:5 | Entered Level 5 of the Vaults
 67498 | Vaults:5 | Reached skill level 10 in Stealth
 67498 | Vaults:5 | Reached XP level 27. HP: 198/198 MP: 42/42
 67558 | Vaults:5 | Learned a level 8 spell: Lehudib's Crystal Spear
 67595 | Vaults:5 | Reached skill level 1 in Earth Magic
 67724 | Vaults:5 | Noticed Sojobo
 67731 | Vaults:5 | Reached skill level 5 in Earth Magic
 67739 | Vaults:5 | Killed Sojobo
 67904 | Vaults:5 | Got a twitching lead ring
 67905 | Vaults:5 | Identified the ring of Nuismail {Ice Int+2} (You took it off a vault guard on level 5 of the Vaults)
 68009 | Vaults:5 | Identified the Volume of Boosting Black Arts (You found it on level 5 of the Vaults)
 68141 | Vaults:5 | Reached skill level 10 in Earth Magic
 68292 | Vaults:5 | Noticed an ancient lich
 68505 | Vaults:5 | Killed an ancient lich
 68529 | Vaults:5 | Found Yleph's Antique Armour Boutique.
 68807 | Vaults:5 | Got a scorched jade ring
 68809 | Vaults:5 | Identified the ring "Ruodif" {rElec MP+9 Slay+5} (You took it off an ogre mage on level 5 of the Vaults)
 68841 | Vaults:5 | Got a silver rune of Zot
 69054 | Vaults:5 | Identified Sif Muna's Reference Book on Protection (You found it on level 5 of the Vaults)
 69062 | Vaults:5 | Identified Elihounu's Compendium of Glacial Summoning
 69287 | Vaults:5 | Found Imacip's Jewellery Boutique.
 69296 | Vaults:5 | Bought an uncursed amulet of resist mutation for 920 gold pieces
 70276 | Vaults:5 | Learned a level 7 spell: Ring of Flames
 70795 | D:11     | Learned a level 3 spell: Spectral Weapon
 71167 | Zot:1    | Entered Level 1 of the Realm of Zot
 71319 | Zot:3    | Reached skill level 1 in Hexes
 71662 | Zot:4    | Reached skill level 10 in Fire Magic
 72862 | Zot:5    | Entered Level 5 of the Realm of Zot
 73588 | Zot:5    | Noticed an ancient lich
 73595 | Zot:5    | Killed an ancient lich
 73595 | Zot:5    | Reached skill level 15 in Earth Magic
 73790 | Zot:5    | Reached skill level 15 in Conjurations
 73791 | Zot:5    | Noticed an orb of fire
 73801 | Zot:5    | Noticed an orb of fire
 73804 | Zot:5    | Gained mutation: You can translocate small distances at will. [an orb of fire]
 73807 | Zot:5    | Gained mutation: You are frail (-10% HP). [an orb of fire]
 73826 | Zot:5    | Killed an orb of fire
 73835 | Zot:5    | Killed an orb of fire
 73849 | Zot:5    | Noticed an ancient lich
 73861 | Zot:5    | Killed an ancient lich
 74240 | Zot:5    | Noticed an orb of fire
 74258 | Zot:5    | Killed an orb of fire
 74261 | Zot:5    | Got the Orb of Zot
 74314 | Zot:3    | Lost mutation: You have a pair of small antennae on your head. [potion of cure mutation]
 74314 | Zot:3    | Lost mutation: You are frail (-10% HP). [potion of cure mutation]
 74314 | Zot:3    | Lost mutation: You can translocate small distances at will. [potion of cure mutation]
 74694 | D:8      | Noticed Juprekae the pandemonium lord
 74703 | D:8      | Killed Juprekae the pandemonium lord
 74773 | D:6      | Noticed Xaim the pandemonium lord
 74788 | D:6      | Killed Xaim the pandemonium lord
 74998 | D:$      | Escaped with the Orb!

Action                   |  1- 3 |  4- 6 |  7- 9 | 10-12 | 13-15 | 16-18 | 19-21 | 22-24 | 25-27 || total
-------------------------+-------+-------+-------+-------+-------+-------+-------+-------+-------++-------
Melee: Unarmed           |     7 |       |       |       |       |       |       |       |       ||     7
       Spear             |    11 |    15 |       |       |       |       |       |       |       ||    26
       Mace              |       |     9 |    48 |       |       |       |       |       |       ||    57
       Dagger            |       |       |    18 |   285 |   262 |       |       |       |       ||   565
       Flail             |       |       |       |       |    71 |       |       |       |       ||    71
       Scimitar          |       |       |       |       |   245 |   152 |       |       |       ||   397
       Double sword      |       |       |       |       |       |   633 |   967 |   714 |  1759 ||  4073
Throw: Tomahawk          |       |       |     1 |     1 |       |       |       |       |       ||     2
       Javelin           |       |       |       |       |       |       |     2 |     1 |       ||     3
       Throwing net      |       |       |       |       |       |       |       |     1 |     2 ||     3
 Cast: Flame Tongue      |    45 |    88 |   126 |   206 |    25 |       |       |       |       ||   490
       Throw Flame       |    11 |    22 |    83 |   264 |   351 |   115 |     4 |     1 |       ||   851
       Sticky Flame      |       |     2 |    22 |    87 |    70 |    11 |     4 |       |     1 ||   197
       Fireball          |       |       |       |    18 |    64 |    25 |    18 |       |       ||   125
       Conjure Flame     |       |       |       |     6 |    11 |       |       |       |       ||    17
       Bolt of Fire      |       |       |       |     3 |   151 |   178 |   154 |    51 |    88 ||   625
       Searing Ray       |       |       |       |       |     8 |       |       |       |       ||     8
       Repel Missiles    |       |       |       |       |     3 |     2 |     4 |     3 |     8 ||    20
       Orb of Destructio |       |       |       |       |     2 |     8 |    20 |       |    48 ||    78
       Apportation       |       |       |       |       |       |     3 |     1 |       |       ||     4
       Regeneration      |       |       |       |       |       |     3 |     4 |     3 |    42 ||    52
       Blink             |       |       |       |       |       |     2 |     4 |     2 |     9 ||    17
       Haste             |       |       |       |       |       |       |     6 |     7 |    34 ||    47
       Phase Shift       |       |       |       |       |       |       |       |       |    25 ||    25
       Lehudib's Crystal |       |       |       |       |       |       |       |       |    43 ||    43
       Ring of Flames    |       |       |       |       |       |       |       |       |     6 ||     6
       Spectral Weapon   |       |       |       |       |       |       |       |       |     1 ||     1
 Abil: Evoke Teleportati |       |       |       |     2 |     2 |     1 |       |       |       ||     5
Evoke: Wand              |       |       |     1 |     8 |    11 |    10 |    12 |       |    25 ||    67
       Sack of spiders   |       |       |       |       |       |     7 |       |       |       ||     7
       Lamp of fire      |       |       |       |       |       |     2 |     2 |       |     5 ||     9
  Use: Scroll            |       |     7 |     5 |    18 |    22 |    24 |    14 |    10 |    15 ||   115
       Potion            |       |     1 |     3 |       |     1 |     4 |     1 |     2 |    17 ||    29
 Stab: Sleeping          |     2 |     2 |     2 |    13 |    29 |    29 |    27 |    14 |    12 ||   130
       Distracted        |       |       |       |       |     2 |     4 |     6 |     3 |     8 ||    23
       Invisible         |       |       |       |       |       |       |     2 |       |       ||     2
       Betrayed ally     |       |       |       |       |       |       |     1 |       |       ||     1
       Petrifying        |       |       |       |       |       |       |       |     1 |     2 ||     3
       Held in net/web   |       |       |       |       |       |       |       |     1 |       ||     1
  Eat: Chunk             |     3 |     4 |    18 |    60 |    74 |    30 |    33 |    16 |    27 ||   265
       Fruit             |       |     1 |     2 |     6 |       |     3 |    20 |     1 |     4 ||    37
       Bread ration      |       |     1 |       |       |       |       |     6 |     2 |    18 ||    27
       Royal jelly       |       |       |     1 |     1 |     4 |       |     1 |       |       ||     7
       Pizza             |       |       |       |     1 |     4 |     8 |     2 |     1 |     2 ||    18
       Meat ration       |       |       |       |       |     1 |     5 |       |       |       ||     6
       Beef jerky        |       |       |       |       |       |     6 |     1 |     2 |     3 ||    12
